 Dungeon Crawl Stone Soup version 0.28.0-45-g0d030f2227 (webtiles) character file.

Game seed: 3128680967391041708

1531 seaoflcl the Slasher (level 9, -3/68 HPs)
             Began as a Human Fighter on Apr 23, 2022.
             Slain by a gnoll sergeant
             ... wielding a +5 spear of flaming
              (4 damage)
             ... on level 6 of the Dungeon.
             The game lasted 00:18:15 (10221 turns).

seaoflcl the Slasher (Human Fighter)               Turns: 10221, Time: 00:18:16

Health: -3/68      AC: 10    Str: 26    XL:     9   Next: 10%
Magic:  9/9        EV: 11    Int:  9    God:
Gold:   262        SH:  5    Dex: 13    Spells: 8/8 levels left

rFire   . . .      SeeInvis .   a - +1 long sword (vorpal)
rCold   + . .      Faith    .   c - +0 buckler
rNeg    + . .      Spirit   .   q - +2 ring mail {rC+}
rPois   .          Reflect  .   p - +0 helmet
rElec   .          Harm     +   f - scarf {harm}
rCorr   .          Rampage  .   (no gloves)
Will    .....                   o - +0 pair of boots
Stlth   +.........              (no amulet)
HPRegen 0.21/turn               t - +6 ring of strength
MPRegen 0.11/turn               x - ring of positive energy

@: no status effects
A: no striking features
a: no special abilities


You were on level 6 of the Dungeon.
You visited 1 branch of the dungeon, and saw 6 of its levels.
You also visited: Sewer.

You collected 262 gold pieces.

Inventory:

Hand Weapons
 a - a +1 vorpal long sword (weapon)
 h - a +3 dagger of venom
Armour
 c - a +0 buckler (worn)
 f - a scarf of harm (worn)
 o - a +0 pair of boots (worn)
 p - a +0 helmet (worn)
 q - a +2 ring mail of cold resistance (worn)
Jewellery
 t - a +6 ring of strength (left hand)
 x - a ring of positive energy (right hand)
Scrolls
 g - a scroll of brand weapon
 i - a scroll of magic mapping {unknown}
 k - 2 scrolls of teleportation
 l - a scroll of torment {unknown}
 m - a scroll of immolation
 n - a scroll of enchant armour {unknown}
 r - a scroll of blinking
 s - a scroll of fear {unknown}
 v - a scroll of identify
Potions
 b - 2 potions of haste
 d - 2 potions of cancellation
 e - a potion of mutation
 j - a potion of attraction
 u - a potion of ambrosia
 w - a potion of curing {unknown}


   Skills:
 + Level 5.1 Fighting
 + Level 3.0(5.0) Short Blades
 + Level 6.3(6.6) Long Blades
 + Level 6.0 Armour
 + Level 3.0 Dodging
 + Level 1.1 Stealth
 + Level 4.3 Shields


You had 8 spell levels left.
You didn't know any spells.
Your spell library contained the following spells:

 Spells                   Type           Power      Damage    Failure   Level
 Animate Skeleton         Necr           0%         N/A       61%         1
 Apportation              Tloc           0%         N/A       61%         1
 Magic Dart               Conj           0%         1d3       61%         1
 Summon Small Mammal      Summ           0%         N/A       61%         1
 Call Imp                 Summ           0%         N/A       75%         2
 Mephitic Cloud           Conj/Pois/Air  0%         N/A       93%         3
 Airstrike                Air            0%         N/A       100%        4
 Summon Lightning Spire   Summ/Air       0%         N/A       100%        4
 Lightning Bolt           Conj/Air       0%         1d11      100%        5


Dungeon Overview and Level Annotations

Branches:
Dungeon (6/15)              Sewer (visited)
 Temple: D:4-7

Altars:
Dithmenos
Gozag
Hepliaklqana

Shops:
D:6 (

Annotations:
D:4 1 runed translucent door, Grinder; ZappyNine's ghost, amateur KoBr


Message History

You kill the gnoll!
The gnoll barely misses you. The gnoll barely misses you.
You see here a +0 flail.
You closely miss the gnoll. The gnoll hits you with a +0 halberd!
You completely miss the gnoll. The gnoll barely misses you.
The gnoll sergeant closely misses you.
You closely miss the gnoll. You block the gnoll's attack.
The gnoll sergeant barely misses you. The gnoll hits you with a +0 halberd.
You hit the gnoll.
The gnoll is heavily wounded.
The gnoll sergeant hits you from afar with a +5 spear of flaming.
The gnoll sergeant burns you. The gnoll hits you with a +0 halberd!
You slash the gnoll!
You kill the gnoll!
You block the gnoll sergeant's attack. The gnoll completely misses you.
The gnoll sergeant barely misses you.
Things that are here:
a +0 halberd; a gnoll corpse You hit the gnoll sergeant.
The gnoll sergeant is moderately wounded.
The gnoll hits you from afar with a +0 halberd.
The gnoll sergeant hits you but does no damage. x2
The gnoll closely misses you.
You hit the gnoll sergeant but do no damage.
The gnoll sergeant is moderately wounded.
The gnoll sergeant hits you with a +5 spear of flaming!
The gnoll sergeant burns you. You block the gnoll's attack.
You closely miss the gnoll sergeant.
The gnoll sergeant is moderately wounded.
The gnoll sergeant hits you with a +5 spear of flaming.
* * * LOW HITPOINT WARNING * * *
The gnoll sergeant burns you.
* * * LOW HITPOINT WARNING * * *
The gnoll hits you from afar with a +0 halberd!
* * * LOW HITPOINT WARNING * * *
The gnoll sergeant hits you from afar with a +5 spear of flaming!
* * * LOW HITPOINT WARNING * * *
The gnoll sergeant burns you.
You die... #........ ##.......## ......... .....(. ..... .gg

#g# #)#
#@#######
#...#...
###.#.### #
#.....#.#
######......(#
#............#
#.###........#
#)###.###....#
#.#.....#.#.##


You could see a gnoll sergeant and 2 gnolls.

Vanquished Creatures
  An ogre (D:5)
  The ghost of pkoi the Firebug, an amateur DgFE (D:3)
  9 kobold brigands (Sewer)
  3 scorpions (D:5)
  2 jellies
  An orc priest (D:4)
  A bullfrog skeleton (D:5)
  2 iguanas
  2 orc wizards (D:5)
  16 adders
  5 gnolls
  2 river rats
  An adder skeleton (D:5)
  9 worms
  2 dart slugs
  14 orcs
  10 ball pythons
  12 endoplasms
  2 giant cockroaches
  6 goblins
  5 hobgoblins
  5 jackals
  5 quokkas
  8 bats
  3 frilled lizards
  5 kobolds
  13 rats
145 creatures vanquished.

Vanquished Creatures (others)
  2 withered plants (D:4)
2 creatures vanquished.

Grand Total: 147 creatures vanquished

Notes
Turn   | Place    | Note
-------+----------+-------------------------------------------
     0 | D:1      | seaoflcl the Human Fighter began the quest for the Orb.
     0 | D:1      | Reached XP level 1. HP: 18/18 MP: 1/1
   245 | D:1      | Reached XP level 2. HP: 20/24 MP: 2/2
   555 | D:1      | Reached XP level 3. HP: 27/29 MP: 3/3
  1340 | D:2      | Reached XP level 4. HP: 17/35 MP: 4/4
  3109 | D:3      | Reached XP level 5. HP: 29/42 MP: 5/5
  4249 | D:3      | Found a large runed translucent door.
  4249 | D:3      | Found a large runed translucent door.
  4250 | D:3      | Noticed pkoi's ghost (amateur DgFE)
  4289 | D:3      | Reached skill level 1 in Dodging
  4624 | D:4      | Found a runed translucent door.
  4626 | D:4      | Noticed ZappyNine's ghost (amateur KoBr)
  4679 | D:4      | Reached XP level 6. HP: 29/48 MP: 6/6
  4688 | D:4      | Reached skill level 1 in Short Blades
  4727 | D:4      | Noticed Grinder
  5083 | D:4      | Found a glowing drain.
  5096 | Sewer    | Entered a sewer
  5815 | Sewer    | Reached XP level 7. HP: 35/54 MP: 7/7
  7454 | Sewer    | Reached XP level 8. HP: 40/61 MP: 8/8
  7787 | Sewer    | Reached skill level 5 in Armour
  8094 | Sewer    | Reached skill level 1 in Stealth
  8532 | D:3      | Killed pkoi's ghost
  8533 | D:3      | Reached skill level 5 in Long Blades
  8687 | D:5      | Entered Level 5 of the Dungeon
  9464 | D:5      | Reached skill level 5 in Fighting
  9493 | D:5      | Reached XP level 9. HP: 68/68 MP: 9/9
  9609 | D:5      | Found a shadowy altar of Dithmenos.
  9611 | D:5      | Found a hazy altar of Hepliaklqana.
 10108 | D:6      | Found Bithih's Weapon Shoppe.
 10144 | D:6      | Found an opulent altar of Gozag.
 10221 | D:6      | HP: 1/68 [gnoll sergeant/+5 spear of flaming (10)]
 10221 | D:6      | Slain by a gnoll sergeant

Illustrated notes

Levels and vault maps discovered:
D:1:      dpeg_arrival_tiny_c, layout_basic, minivault_26
D:2:      layout_basic
D:3:      layout_basic, ebering_ghost_disaster_area, serial_aquarium,
          aquarium_bridge_square [aquarium_subvault_window,
          aquarium_subvault_bridge, aquarium_subvault_wall,
          aquarium_subvault_balcony], aquarium_window_fake,
          aquarium_window_corner, aquarium_window_2, aquarium_window_corridor_3,
          aquarium_view_2d, aquarium_view_2a
D:4:      layout_basic, cheibrodos_sewer_entry_sluice, gammafunk_ghost_grave,
          uniq_grinder
D:5:      layout_layer_cave, riverfiend_overflow_shadow_ancestor,
          kennysheep_generic_room_7
D:6:      layout_loops_ring, nicolae_gozag_cash_rules_everything_around_me,
          minmay_temple_entry_tees, serial_shops, nicolae_diamond_shop

Skill      XL: |  1  2  3  4  5  6  7  8  9 |
---------------+----------------------------+-----
Long Blades    | 3 4 6 |  6.3
Dodging        | 1 2 3 |  3.0
Short Blades   | 2 3 |  3.0
Armour         | 4 5 6 |  6.0
Fighting       | 4 5 |  5.1
Shields        | 4 |  4.3
Stealth        | 1 |  1.1

Action                   |  1- 3 |  4- 6 |  7- 9 || total
-------------------------+-------+-------+-------++-------
Melee: Long sword        |    96 |    67 |   209 ||   372
       Dagger            |       |   194 |       ||   194
  Use: Scroll            |       |     5 |     6 ||    11
       Potion            |       |     1 |     2 ||     3
Armor: Scale mail        |    60 |    55 |       ||   115
       Ring mail         |       |    37 |    66 ||   103
Dodge: Dodged            |    50 |   105 |   102 ||   257
Block: Buckler           |    19 |    62 |    53 ||   134
